 Dungeon Crawl Stone Soup version 0.26-a0-667-g92642533e4 (webtiles) character file.

Game seed: 16975533824252030977

67 dolemite99 the Cutter (level 4, -2/23 HPs)
             Began as a Vine Stalker Chaos Knight on Oct 18, 2020.
             Was an Initiate of Okawaru.
             Slain by an ogre
             ... wielding a +0 giant club
              (14 damage)
             ... on level 3 of the Dungeon.
             The game lasted 00:04:36 (1759 turns).

dolemite99 the Cutter (Vine Stalker Chaos Knight)   Turns: 1759, Time: 00:04:37

Health: -2/23      AC: 11    Str: 16    XL:     4   Next: 18%
Magic:  0/5        EV:  6    Int: 12    God:    Okawaru [......]
Gold:   79         SH:  0    Dex: 13    Spells: 3/3 levels left

rFire    . . .     SeeInvis .   a - +0 short sword (chaos)
rCold    . . .     Faith    .   (no shield)
rNeg     . . .     Spirit   +   f - +0 chain mail
rPois    .         Reflect  .   (no helmet)
rElec    .         Harm     .   l - +2 cloak
rCorr    .         Rampage  .   (no gloves)
MR       .....                  (no boots)
Stlth    ..........             (no amulet)
HPRegen  0.47/turn              (no ring)
MPRegen  0.09/turn              (no ring)

@: no status effects
A: fangs 2, regeneration 1, magic shield, antimagic bite, no potion heal 3, rot
immunity
a: Renounce Religion


You were on level 3 of the Dungeon.
You worshipped Okawaru.
Okawaru was noncommittal.
You visited 1 branch of the dungeon, and saw 3 of its levels.

You collected 79 gold pieces.

Inventory:

Hand Weapons
 a - a +0 short sword of chaos (weapon)
Missiles
 e - 42 sling bullets
 k - 28 stones (quivered)
 r - 17 arrows
Armour
 b - a +0 ring mail
 f - a +0 chain mail (worn)
 h - a +1 cloak
 l - a +2 cloak (worn)
Jewellery
 n - an uncursed amulet of reflection {unknown}
Scrolls
 d - 3 scrolls of identify {@r1}
 g - a scroll of teleportation {unknown}
 j - 4 scrolls of remove curse {unknown}
 p - a scroll of immolation {unknown}
Potions
 c - 3 potions of curing
 i - a potion of flight
 m - a potion of berserk rage {unknown}
 q - 2 potions of heal wounds {unknown}


   Skills:
 - Level 2.6 Fighting
 + Level 4.4 Short Blades
 - Level 1.5 Armour
 - Level 0.7 Dodging


You had 3 spell levels left.
You didn't know any spells.
Your spell library was empty.

Dungeon Overview and Level Annotations

Branches:
Dungeon (3/15)

Altars:
Ashenzari
Okawaru
The Shining One


Innate Abilities, Weirdness & Mutations

You have extremely sharp teeth.
Your natural rate of healing is unusually fast.
When hurt, damage is shared between your health and your magic reserves.
Your bite disrupts and absorbs the magic of your enemies.
Potions cannot restore your health.
You are immune to rotting.


Message History

Quiver which item? (- for none, * to show all) (? for menu, Esc to quit)
Okay, then.
The ogre hits you with a +0 giant club!
Ouch! That really hurt!
* * * LOW HITPOINT WARNING * * *
There is a stone staircase leading down here.
You hit the ogre. You bite the ogre, but do no damage.
The ogre is heavily wounded.
The ogre hits you but does no damage.
You hit the ogre. You drain the ogre.
The ogre is severely wounded.
The ogre hits you but does no damage.
You closely miss the ogre. You bite the ogre. You drain its power.
You feel invigorated.
The ogre is severely wounded.
You hit the ogre. You bite the ogre, but do no damage.
The ogre is severely wounded.
The ogre hits you with a +0 giant club!!
Ouch! That really hurt!
You die...

#......#.##### #...##.##.#
..# ##†##.# .
#..##.#########
##'###..).##...
##...#####.##.## ##.....##
#.#...########
##.8...8.###...#.>......#
##.#.....#.##@O...######.#
#...8...8...#.##.## #.#
+...........+.##.# #.#
#...8...8...#.##.# #)#
##.#.....#.##.##.# #.#
##.8...8.###.##.#
###.####. ##.....##
#.##.#####........ ##...##
#................. ##†##
..###....####.


You could see an ogre (drained).

Vanquished Creatures
  An adder (D:2)
  An adder skeleton (D:3)
  A worm (D:3)
  2 dart slugs
  3 leopard geckos
  7 bats
  7 goblins
  7 hobgoblins
  5 jackals
  A quokka (D:2)
  A frilled lizard (D:3)
  2 kobolds
  6 rats
44 creatures vanquished.

Notes
Turn   | Place    | Note
-------+----------+-------------------------------------------
     0 | D:1      | dolemite99 the Vine Stalker Chaos Knight began the quest
                  | for the Orb.
     0 | D:1      | Reached XP level 1. HP: 11/11 MP: 2/2
    88 | D:1      | Reached skill level 3 in Short Blades
   119 | D:1      | Reached XP level 2. HP: 5/16 MP: 3/3
   224 | D:1      | XOM: silly message
   777 | D:1      | XOM: 1-stop teleportation journey
   809 | D:1      | Reached XP level 3. HP: 19/19 MP: 4/4
  1102 | D:2      | Found a glowing golden altar of the Shining One.
  1126 | D:2      | XOM: potion effect (haste)
  1196 | D:2      | Reached skill level 4 in Short Blades
  1338 | D:2      | Found an iron altar of Okawaru.
  1359 | D:2      | Fell from the grace of Xom
  1359 | D:2      | Became a worshipper of Warmaster Okawaru
  1432 | D:3      | Found a broken altar of Ashenzari.
  1532 | D:3      | Gained mutation: Your natural rate of healing is unusually
                  | fast. [Vine Stalker growth]
  1532 | D:3      | Reached XP level 4. HP: 22/23 MP: 5/5
  1721 | D:3      | Noticed an ogre
  1759 | D:3      | Slain by an ogre

Illustrated notes

Levels and vault maps discovered:
D:1:      scummos_arrival_star, layout_loops_cross, minmay_tetromino_o4
D:2:      layout_basic, lemuel_crystal_altar, okawaru_metal_pillars_1_2
D:3:      layout_loops_ring, evilmike_ruin_ashenzari, marbit_many_paths,
          dk_noncrumbling_3, nemelex_spade_bored_becter

Skill      XL: |  1  2  3 |
---------------+----------+-----
Short Blades   | 3 4 |  4.4
Fighting       | |  2.6
Armour         | |  1.5
Dodging        | |  0.7

Action                   |  1- 3 |  4- 6 || total
-------------------------+-------+-------++-------
Melee: Short sword       |    90 |    22 ||   112
       Bite              |    24 |     8 ||    32
Throw: Dart              |    20 |     5 ||    25
       Stone             |    15 |    17 ||    32
  Use: Scroll            |     4 |       ||     4
 Stab: Invisible         |     3 |       ||     3
       Confused          |     1 |       ||     1
Armor: Leather armour    |     8 |       ||     8
       Chain mail        |    47 |    10 ||    57
Dodge: Dodged            |    34 |     2 ||    36

Table legend: (Time is in decaauts)
 A = Elapsed time spent in this place.
 B = Non-inter-level travel time spent in this place.
 C = Inter-level travel time spent in this place.
 D = Time resting spent in this place.
 E = Time spent auto-exploring this place.
 F = Levels seen in this place.
 G = Mean time per level.
                   A        B        C        D        E       F      G
               +--------+--------+--------+--------+--------+-----+--------+
         Total |   1732 |   1696 |     36 |    213 |    913 |   3 |  577.3 |
       Dungeon |   1732 |   1696 |     36 |    213 |    913 |   3 |  577.3 |
               +--------+--------+--------+--------+--------+-----+--------+

Top non-repeatable levels by time:
     D:1: 979 daAuts
     D:2: 381 daAuts
     D:3: 371 daAuts
